 Dungeon Crawl Stone Soup version 0.25.1-2-g60ff931df9 (webtiles) character file.

Game seed: 5325968978352482166

493 bouboulover83 the Covered (level 7, -16/53 HPs)
             Began as a Human Berserker on Sept 6, 2020.
             Was a Priest of Trog.
             Demolished by an ogre
             ... wielding a +0 giant club
              (23 damage)
             ... on level 5 of the Dungeon.
             The game lasted 00:25:09 (5727 turns).

bouboulover83 the Covered (Human Berserker)         Turns: 5727, Time: 00:25:09

Health: -16/53     AC: 14    Str: 25    XL:     7   Next: 37%
Magic:  7/7        EV: 11    Int:  7    God:    Trog [***...]
Gold:   188        SH:  0    Dex: 13    Spells: 6/6 levels left

rFire    . . .     SeeInvis .   x - +0 mace (protect)
rCold    . . .     Gourm    .   (no shield)
rNeg     . . .     Faith    +   e - +0 scale mail
rPois    .         Spirit   .   (no helmet)
rElec    .         Reflect  .   (no cloak)
rCorr    .         Harm     .   (no gloves)
MR       .....                  (no boots)
Stlth    ..........             s - amulet of faith
HPRegen  0.17/turn              u - +6 ring of strength
MPRegen  0.10/turn              (no ring)

@: protection aura
A: no striking features
a: Berserk, Trog's Hand, Renounce Religion


You were on level 5 of the Dungeon.
You worshipped Trog.
Trog was most pleased with you.
You were not hungry.

You visited 1 branch of the dungeon, and saw 5 of its levels.

You collected 188 gold pieces.

Inventory:

Hand Weapons
 a - a +0 hand axe
 d - a +0 spear
 h - a +0 whip
 n - a +4 flail of protection
 p - a +1 vampiric hand axe
 q - a +0 long sword
 t - a +0 giant spiked club
 x - a +0 mace of protection (weapon)
Missiles
 f - 31 arrows
 i - 84 stones (quivered)
 r - 34 bolts
Armour
 b - a +0 animal skin
 e - a +0 scale mail (worn)
 o - a +2 ring mail of cold resistance
Jewellery
 s - an amulet of faith (around neck)
 u - a +6 ring of strength (left hand)
Potions
 g - 3 potions of curing {unknown}
 j - a potion of brilliance {unknown}
 k - a potion of resistance {unknown}
 l - a potion of cancellation {unknown}
 m - a potion of haste {unknown}
Comestibles
 c - 7 rations
 v - a chunk of flesh


   Skills:
 + Level 3.8 Fighting
 + Level 3.5(4.6) Axes
 + Level 2.5(3.4) Maces & Flails
 + Level 3.5(4.2) Polearms
 + Level 4.1 Armour
 + Level 3.0 Dodging
 + Level 0.7 Stealth


You had 6 spell levels left.
You didn't know any spells.
Your spell library was empty.

Dungeon Overview and Level Annotations

Branches:
Dungeon (5/15)
 Temple: D:4-7

Altars:
Elyvilon
Kikubaaqudgha
Makhleb
Okawaru
Trog
Xom
Zin


Message History

A jelly comes into view.
The ogre closely misses you.
You hit the ogre but do no damage.
Your weapon exudes an aura of protection.
The ogre hits you with a +0 giant club!
An orc comes into view. It is wielding a +0 short sword.
You barely miss the ogre.
The orc shouts!
The ogre completely misses you.
You hit the ogre.
The ogre is lightly wounded.
The ogre hits you with a +0 giant club!
You barely miss the ogre.
The ogre is lightly wounded.
The ogre hits you with a +0 giant club!!
* * * LOW HITPOINT WARNING * * *
You sock the ogre!
The ogre is heavily wounded.
The ogre hits you with a +0 giant club!!
You die...

...##...##........##.#
#...#..##......#...#..
#...####......##...##.#
##...##......####...#
#...#......##..#...##
##........##...##...#
#.......## #oJ#...##
##.....## #O##...#
#....## #@.#...##
##..## ##.##...# +.##
#..'...# ### #####.##
#... #####


You could see an ogre, a jelly and an orc.

Vanquished Creatures
  An ogre (D:5)
  A hound (D:4)
  An orc priest (D:4)
  An orc wizard (D:4)
  Terence (D:2)
  Natasha (thrice) (D:3)
  2 worker ants
  5 adders
  4 gnolls (D:2)
  An ooze (D:3)
  2 worms
  5 dart slugs
  4 leopard geckos
  2 orcs
  5 bats
  4 giant cockroaches
  5 hobgoblins
  2 jackals (D:2)
  4 quokkas
  3 frilled lizards
  10 goblins
  7 kobolds
  A leopard gecko skeleton (D:2)
  6 rats
80 creatures vanquished.

Notes
Turn   | Place    | Note
-------+----------+-------------------------------------------
     0 | D:1      | bouboulover83 the Human Berserker began the quest for the
                  | Orb.
     0 | D:1      | Reached XP level 1. HP: 18/18 MP: 1/1
   201 | D:1      | Reached XP level 2. HP: 21/24 MP: 2/2
   752 | D:1      | Reached XP level 3. HP: 27/29 MP: 3/3
   959 | D:2      | Noticed Terence
   969 | D:2      | Killed Terence
   969 | D:2      | Reached XP level 4. HP: 21/35 MP: 4/4
  1144 | D:2      | Reached skill level 1 in Polearms
  1666 | D:2      | Found a white marble altar of Elyvilon.
  1709 | D:2      | Found an ancient bone altar of Kikubaaqudgha.
  1711 | D:2      | Found a burning altar of Makhleb.
  1937 | D:2      | Reached ** piety under Trog
  2152 | D:2      | Reached XP level 5. HP: 16/41 MP: 5/5
  2367 | D:2      | Found a bloodstained altar of Trog.
  2959 | D:2      | Found an iron altar of Okawaru.
  3167 | D:3      | Reached skill level 3 in Armour
  3442 | D:3      | Found a glowing silver altar of Zin.
  3617 | D:3      | Noticed Natasha
  3636 | D:3      | Killed Natasha
  3720 | D:3      | Noticed Natasha
  3746 | D:3      | Killed Natasha
  3746 | D:3      | Reached XP level 6. HP: 17/47 MP: 6/6
  4452 | D:3      | Found a shimmering altar of Xom.
  4513 | D:3      | Noticed Natasha
  4521 | D:3      | Killed Natasha
  5087 | D:4      | Reached *** piety under Trog
  5087 | D:4      | Reached skill level 1 in Maces & Flails
  5324 | D:4      | Reached XP level 7. HP: 53/53 MP: 7/7
  5486 | D:5      | Entered Level 5 of the Dungeon
  5540 | D:5      | Reached skill level 4 in Armour
  5727 | D:5      | Demolished by an ogre

Illustrated notes

Levels and vault maps discovered:
D:1:      dpeg_arrival_windows_large_door, layout_basic
D:2:      layout_basic, nicolae_overflow_hidden_temple,
          nicolae_overflow_crystal_walls, kennysheep_generic_room_6,
          uniq_terence
D:3:      layout_loops_corners, zin_statuary, grunt_ministairs_3,
          brannock_xom_greatest_gift, uniq_natasha
D:4:      layout_loops_ring
D:5:      minmay_razor_zed, layout_rooms, hangedman_ru_absence,
          grunt_temple_overflow_diamond, first_ration, enter_ossuary_4,
          minmay_guarded_unrand_staff_of_olgreb

Skill      XL: |  1  2  3  4  5  6  7 |
---------------+----------------------+-----
Polearms       | 2 3 |  3.5
Armour         | 3 4 |  4.1
Maces & Flails | 1 2 |  2.5
Dodging        | 3 |  3.0
Fighting       | |  3.8
Axes           | |  3.5
Stealth        | |  0.7

Action                   |  1- 3 |  4- 6 |  7- 9 || total
-------------------------+-------+-------+-------++-------
Melee: Spear             |    83 |   228 |       ||   311
       Mace              |       |    32 |    25 ||    57
       Hand axe          |       |     6 |       ||     6
Invok: Berserk           |       |     4 |       ||     4
       Trog's Hand       |       |     1 |       ||     1
  Eat: Chunk             |       |     7 |       ||     7
       Ration            |       |     3 |     1 ||     4
Armor: Scale mail        |    52 |   159 |     6 ||   217
       Animal skin       |     1 |       |       ||     1
Dodge: Dodged            |    49 |   190 |     9 ||   248
